Map: [ESL] NeoHumanity

Players

Serral - Winner!

  • Race: Zerg Zerg
  • League: Diamond
  • Spawn Location: 5:00

Classic

  • Race: Protoss Protoss
  • Spawn Location: 11:00

Event: ESL SC2 Masters 2023 Summer (Finals)

VOD

Have the link to the VOD?

Description

Time

  • Played on: June 18, 2023, 10:23 a.m.
  • Length: 19:02

All games in this series

Show
View Real Time Build Order
Export as new Build Order

Serral Zerg - Winner!

Build Orders: Hatch First, Lurkers, Swarm Host 

Get SALT Encoding   

  12  0:00  Drone  
  13  0:12  Overlord  
  13  0:17  Drone  
  14  0:30  Drone x2  
  16  0:48  Hatchery  
  15  0:50  Drone  
  15  0:54  Drone  
  17  0:57  Drone  
  18  1:08  Extractor  
  17  1:13  Spawning Pool  
  17  1:16  Drone  
  17  1:20  Drone  
  18  1:28  Drone  
  19  1:38  Drone  
  20  1:48  Overlord  
  20  2:00  Queen x2, Zergling x2  
  20  2:01  Zergling x2  
  26  2:10  Drone  
  26  2:11  Drone, Metabolic Boost  
  28  2:21  Drone  
  28  2:22  Drone  
  30  2:35  Hatchery  
  30  2:37  Drone  
  30  2:39  Drone  
  31  2:45  Queen  
  31  2:50  Overlord  
  32  2:53  Drone  
  32  2:54  Drone  
  32  2:57  Drone  
  35  3:03  Overlord  
  35  3:12  Spore Crawler  
  34  3:13  Extractor  
  34  3:15  Spore Crawler  
  34  3:16  Drone x4  
  34  3:19  Queen  
  41  3:21  Overlord  
  41  3:24  Drone  
  41  3:26  Drone  
  43  3:29  Queen  
  45  3:35  Drone  
  45  3:36  Drone  
  47  3:48  Drone x3  
  52  3:51  Drone x2, Spore Crawler  
  52  3:55  Queen  
  53  4:01  Drone x5  
  56  4:04  Spore Crawler  
  56  4:08  Zergling x4  
  57  4:11  Overlord  
  57  4:12  Drone  
  58  4:17  Drone x2  
  58  4:19  Drone  
  58  4:20  Drone x2  
  58  4:22  Overlord  
  63  4:28  Zergling x2  
  63  4:29  Drone  
  65  4:33  Overlord  
  65  4:39  Drone, Roach Warren  
  65  4:42  Lair  
  65  4:43  Drone x4  
  69  4:48  Extractor, Drone x2  
  70  4:55  Hatchery  
  70  4:56  Drone x2  
  70  4:58  Zergling x2  
  70  4:59  Zergling x2  
  73  5:02  Extractor  
  73  5:03  Zergling x2  
  73  5:04  Drone x2  
  75  5:07  Evolution Chamber  
  75  5:11  Drone x5  
  77  5:18  Spore Crawler  
  77  5:19  Drone x4  
  80  5:22  Overlord  
  80  5:23  Drone x2  
  80  5:27  Drone x2  
  81  5:30  Overlord  
  81  5:32  Overlord  
  81  5:35  Zerg Missile Weapons Level 1  
  81  5:38  Extractor  
  81  5:39  Overlord x2  
  80  5:42  Overlord  
  80  5:47  Extractor, Drone  
  80  5:48  Extractor, Drone x4  
  80  5:49  Drone  
  83  5:50  Drone  
  83  5:56  Roach x3  
  90  5:59  Roach x2  
  90  6:04  Drone  
  96  6:06  Roach x2  
  96  6:07  Infestation Pit  
  96  6:08  Unknown  
  98  6:13  Roach x5  
  98  6:15  Overlord  
  108  6:19  Overlord  
  108  6:23  Overlord  
  108  6:24  Overseer  
  108  6:32  Overlord  
  108  6:36  Roach x4  
  116  6:44  Swarm Host x6  
  134  6:47  Swarm Host  
  134  6:51  Swarm Host  
  140  6:54  Swarm Host  
  140  6:56  Extractor, Drone x3  
  140  6:58  Queen  
  140  7:00  Swarm Host  
  150  7:02  Roach x2  
  150  7:07  Glial Reconstitution  
  154  7:11  Zergling x18  
  163  7:16  Roach x2  
  163  7:18  Overlord, Ravager  
  163  7:20  Overlord  
  168  7:23  Overlord  
  168  7:26  Overlord  
  168  7:30  Zerg Missile Weapons Level 2  
  169  7:37  Zergling x16  
  169  7:41  Ravager x5  
  169  7:44  Roach x3  
  183  7:54  Roach x7  
  182  7:59  Roach x2  
  186  8:06  Roach x5  
  196  8:13  Roach x2  
  199  8:21  Hive  
  199  8:24  Hydralisk Den  
  199  8:26  Overlord  
  192  8:34  Roach x4  
  195  8:41  Roach  
  195  8:42  Roach  
  195  8:56  Roach x2  
  195  8:57  Muscular Augments  
  195  9:00  Lurker Den  
  192  9:04  Roach x5  
  192  9:06  Hatchery  
  175  9:18  Hydralisk x10  
  181  9:35  Viper x2  
  179  9:38  Zergling x2  
  179  9:39  Zergling x18  
  179  9:42  Zergling x6  
  189  9:46  Zerg Ground Armor Level 1  
  189  9:48  Hydralisk  
  191  9:59  Spore Crawler  
  190  10:00  Spore Crawler  
  190  10:01  Spore Crawler  
  190  10:03  Hydralisk x2  
  190  10:04  Overlord  
  196  10:09  Grooved Spines  
  196  10:19  Seismic Spines  
  193  10:22  Hydralisk  
  193  10:28  Drone x5  
  196  10:30  Lurker x3  
  196  10:34  Spore Crawler  
  198  10:37  Drone  
  195  10:52  Hydralisk x3  
  193  11:10  Spire, Hydralisk x13  
  199  11:16  Adaptive Talons  
  193  11:19  Nydus Network  
  191  11:26  Lurker  
  191  11:27  Lurker x3  
  191  11:30  Drone x3  
  198  11:33  Spore Crawler x3  
  189  11:42  Hydralisk x6  
  199  11:54  Spore Crawler, Zerg Ground Armor Level 2  
  199  11:56  Drone  
  199  12:00  Nydus Canal  
  199  12:05  Spore Crawler x2  
  199  12:07  Drone x2  
  199  12:22  Drone x2  
  196  12:23  Nydus Canal  
  196  12:24  Zerg Flyer Armor Level 1, Spore Crawler  
  196  12:25  Spore Crawler x2  
  193  12:33  Lurker x3  
  193  12:43  Corruptor x3  
  193  12:58  Overseer  
  193  13:03  Corruptor x3  
  196  13:12  Corruptor x2  
  194  13:27  Extractor  
  194  13:28  Extractor  
  194  13:34  Nydus Canal  
  190  13:36  Corruptor x5  
  200  13:44  Spore Crawler  
  200  13:45  Spore Crawler  
  200  13:46  Spore Crawler  
  200  13:47  Drone  
  200  13:48  Drone x2  
  200  13:49  Drone, Spore Crawler  
  200  13:50  Spore Crawler  
  200  13:51  Spore Crawler x2  
  200  13:52  Drone x2, Spore Crawler  
  200  13:54  Drone x2, Overseer  
  200  13:55  Burrow, Pathogen Glands  
  200  14:02  Nydus Canal  
  200  14:28  Zerg Melee Weapons Level 1  
  200  14:42  Nydus Canal  
  198  14:52  Neural Parasite  
  200  14:56  Greater Spire  
  200  14:58  Spire  
  197  15:04  Lurker  
  197  15:05  Lurker x2  
  200  15:38  Nydus Canal  
  197  15:57  Corruptor  
  197  16:01  Nydus Canal  
  199  16:09  Spore Crawler x3  
  199  16:10  Spore Crawler  
  195  16:11  Zerg Flyer Weapons Level 1, Zerg Flyer Armor Level 2  
  195  16:12  Spore Crawler  
  195  16:18  Hatchery  
  193  16:26  Pneumatized Carapace  
  193  16:39  Nydus Canal  
  193  16:45  Hydralisk x3  
  177  16:54  Infestor x4  
  177  16:55  Infestor x2  
  177  16:56  Corruptor x5  
  199  17:14  Adrenal Glands  
  193  17:23  Spore Crawler x2, Corruptor x4  
  193  17:24  Spore Crawler  
  193  17:26  Extractor x2  
  196  17:32  Hatchery  
  195  17:37  Nydus Canal  
  195  17:41  Spore Crawler  
  195  17:43  Spore Crawler  
  195  17:44  Spore Crawler x2  
  192  17:45  Spore Crawler  
  186  18:25  Nydus Canal  
  186  18:33  Overlord  
Show
View Real Time Build Order
Export as new Build Order

Classic Protoss 

Build Orders: 1 Gate Expand, Oracle Opening, Carriers, Zealot Archon 

Get SALT Encoding   

  12  0:00  Probe  
  13  0:12  Probe  
  14  0:17  Pylon  
  14  0:24  Probe (Chrono Boost)  
  15  0:36  Probe (Chrono Boost)  
  15  0:38  Gateway  
  16  0:45  Probe (Chrono Boost)  
  16  0:48  Assimilator  
  17  0:50  Probe  
  18  1:03  Probe  
  19  1:15  Probe  
  20  1:24  Nexus  
  20  1:27  Probe  
  21  1:38  Cybernetics Core  
  21  1:41  Probe  
  22  1:48  Assimilator  
  22  1:52  Pylon  
  22  1:55  Probe  
  23  2:10  Probe  
  23  2:11  Adept (Chrono Boost)  
  26  2:17  Stargate  
  27  2:22  Probe  
  27  2:27  Warp Gate  
  27  2:34  Adept  
  27  2:35  Probe (Chrono Boost)  
  27  2:36  Probe (Chrono Boost)  
  32  2:45  Probe (Chrono Boost)  
  32  2:46  Probe (Chrono Boost)  
  32  2:50  Probe (Chrono Boost)  
  32  2:51  Probe (Chrono Boost)  
  35  3:01  Probe  
  35  3:02  Probe, Oracle (Chrono Boost)  
  40  3:07  Pylon  
  40  3:13  Probe  
  40  3:14  Probe  
  40  3:17  Adept  
  42  3:22  Gateway  
  42  3:25  Probe  
  42  3:27  Probe  
  44  3:30  Oracle (Chrono Boost)  
  47  3:37  Probe  
  47  3:39  Probe  
  49  3:47  Nexus  
  49  3:50  Pylon  
  49  3:55  Assimilator  
  49  4:01  Probe x2  
  51  4:05  Assimilator  
  51  4:10  Twilight Council  
  51  4:13  Probe x2  
  51  4:16  Stalker  
  55  4:22  Forge  
  55  4:25  Probe x2  
  55  4:30  Robotics Facility  
  55  4:31  Pylon  
  57  4:37  Probe  
  59  4:39  Adept  
  59  4:40  Adept  
  62  4:51  Charge  
  62  4:52  Probe, Gateway  
  63  4:53  Gateway  
  63  4:54  Probe  
  64  5:02  Gateway  
  64  5:05  Probe x2 (Chrono Boost)  
  66  5:12  Probe (Chrono Boost)  
  67  5:15  Protoss Ground Weapons Level 1  
  67  5:16  Templar Archives  
  67  5:17  Probe x2 (Chrono Boost)  
  66  5:22  Probe (Chrono Boost)  
  66  5:23  Probe (Chrono Boost)  
  66  5:24  Probe (Chrono Boost)  
  66  5:27  Probe (Chrono Boost), Zealot x2  
  69  5:31  Probe  
  69  5:33  Shield Battery  
  69  5:34  Probe  
  72  5:39  Probe  
  72  5:41  Observer  
  72  5:42  Robotics Bay  
  74  5:46  Pylon  
  74  5:47  Assimilator  
  74  5:48  Probe x2  
  76  5:51  Probe, Assimilator  
  77  6:00  Probe  
  77  6:01  Probe  
  77  6:02  Nexus  
  77  6:03  Probe  
  80  6:04  Pylon  
  80  6:05  High Templar  
  80  6:06  High Templar  
  80  6:09  Pylon  
  80  6:10  Archon  
  84  6:15  Probe x3  
  87  6:20  Pylon  
  87  6:22  Gateway  
  87  6:23  Gateway  
  87  6:28  Probe x2, Disruptor (Chrono Boost)  
  87  6:29  Probe  
  93  6:39  Shield Battery  
  93  6:40  Shield Battery  
  93  6:41  High Templar x2  
  93  6:43  Shield Battery  
  93  6:44  Pylon  
  93  6:45  Archon  
  97  6:48  Unknown  
  97  6:51  Photon Cannon  
  97  6:52  Photon Cannon  
  97  6:54  Probe x3  
  97  6:56  Disruptor (Chrono Boost), Pylon  
  103  7:06  Probe x3  
  106  7:08  Shield Battery  
  106  7:11  Stargate  
  106  7:12  Fleet Beacon  
  106  7:18  Photon Cannon  
  106  7:22  High Templar x2  
  110  7:23  Shield Battery  
  110  7:24  Disruptor (Chrono Boost), Photon Cannon  
  110  7:26  Archon  
  113  7:31  Zealot x3  
  119  7:40  Pylon  
  119  7:42  Gateway  
  119  7:44  Gateway  
  119  7:46  Gateway  
  113  7:52  High Templar x2  
  113  7:57  Zealot x4, Archon  
  119  8:01  Disruptor (Chrono Boost)  
  116  8:06  Shield Battery  
  116  8:10  Shield Battery  
  116  8:14  High Templar  
  116  8:18  High Templar  
  120  8:20  Zealot x3  
  120  8:23  Archon  
  120  8:34  Zealot x2  
  120  8:37  Disruptor (Chrono Boost)  
  113  8:44  Zealot x2  
  113  8:45  Zealot x4, Carrier (Chrono Boost)  
  113  8:46  Carrier (Chrono Boost)  
  131  8:52  Zealot x2  
  141  8:56  Stalker x2  
  141  9:02  Protoss Air Weapons Level 1  
  141  9:06  Zealot x4  
  141  9:07  Zealot x2  
  141  9:09  Disruptor (Chrono Boost)  
  140  9:18  Stalker x2  
  131  9:27  Nexus  
  131  9:30  Zealot x4  
  131  9:31  Zealot  
  139  9:45  Carrier (Chrono Boost)  
  139  9:50  Pylon  
  139  9:52  Pylon  
  139  9:53  Pylon  
  139  9:57  Protoss Ground Weapons Level 2  
  139  10:08  Pylon, Carrier  
  140  10:24  Nexus  
  140  10:26  Pylon  
  140  10:27  Pylon  
  140  10:30  Pylon  
  140  10:31  Shield Battery  
  140  10:36  Pylon  
  140  10:44  Carrier (Chrono Boost)  
  140  10:46  Sentry  
  140  10:54  Zealot x3  
  140  10:55  Zealot  
  139  11:10  Carrier (Chrono Boost)  
  139  11:14  Psionic Storm  
  130  11:22  High Templar x3  
  130  11:23  High Templar  
  138  11:26  Archon  
  138  11:30  High Templar x2  
  138  11:31  Pylon  
  142  11:43  Carrier (Chrono Boost)  
  142  11:48  Shield Battery  
  142  11:49  Zealot x4  
  129  12:05  Probe x3  
  129  12:07  Probe  
  132  12:09  Carrier (Chrono Boost)  
  124  12:23  Probe x3  
  124  12:29  High Templar x4  
  135  12:31  Zealot x3  
  135  12:32  Zealot x3  
  135  12:33  Archon  
  147  12:47  Nexus  
  147  12:48  Carrier (Chrono Boost)  
  147  12:50  Pylon  
  147  12:59  Probe x3  
  150  13:19  Carrier (Chrono Boost)  
  156  13:27  Probe x2  
  156  13:28  Probe  
  156  13:30  Pylon  
  156  13:32  Protoss Air Weapons Level 2  
  147  13:35  Protoss Ground Weapons Level 3  
  147  13:36  Carrier (Chrono Boost)  
  147  13:38  Assimilator  
  153  13:52  Mothership (Chrono Boost)  
  153  13:55  Stargate  
  161  13:57  Shield Battery  
  161  14:05  Robotics Facility  
  144  14:17  Probe x3  
  144  14:19  Carrier (Chrono Boost)  
  152  14:29  Probe  
  150  14:39  Carrier (Chrono Boost)  
  150  14:40  Archon  
  138  14:53  Carrier (Chrono Boost)  
  138  15:00  Zealot x6  
  150  15:09  Nexus  
  150  15:19  Carrier (Chrono Boost)  
  152  15:37  High Templar x2  
  152  15:38  High Templar  
  138  16:01  Carrier (Chrono Boost)  
  129  16:12  Carrier (Chrono Boost)  
  129  16:13  Nexus  
  135  16:19  High Templar x2  
  139  16:42  Carrier (Chrono Boost)  
  127  17:14  Observer (Chrono Boost)  
  127  17:38  High Templar x2  
  127  17:39  Zealot x4  
  127  17:43  Archon  
  138  17:51  Assimilator  
  138  17:54  Assimilator  
Tags
 
Add a new tag
Caveats
  • Supply blocks, unpowered buildings, or Contaminate may cause inaccurate times.
  • Supply counts are checked every 10 seconds.